 Dungeon Crawl Stone Soup version 0.31-a0-867-g9b2fd80f0c (webtiles) character file.

Game seed: 5188084854018367433

19870 BinkBink the Blocker (level 12, -57/113 HPs)
             Began as a Minotaur Fighter on Oct 11, 2023.
             Was an Elder of Qazlal.
             Annihilated by a titanic slime creature (83 damage)
             ... on level 12 of the Dungeon.
             The game lasted 00:23:23 (12724 turns).

BinkBink the Blocker (Minotaur Fighter)            Turns: 12724, Time: 00:23:24

Health: -57/113    AC: 25    Str: 25    XL:     12   Next: 40%
Magic:  11/11      EV: 10    Int:  5    God:    Qazlal [****..]
Gold:   2698       SH: 12    Dex: 11    Spells: 11/11 levels left

rFire   . . .        D - +3 trident (protect)
rCold   . . .        c - +0 buckler
rNeg    . . .        Q - +0 acid dragon scales
rPois   .            N - +1 hat {Will+}
rElec   .            (no cloak)
rCorr   +            (no gloves)
SInv    .            L - +2 pair of boots {Fly}
Will    +....        (no amulet)
Stlth   +            g - +4 ring of protection
HPRegen 0.38/turn    h - ring of flight
MPRegen 0.12/turn

%: repel missiles
@: under a protective aura, flying, invisible
A: horns 2, retaliatory headbutt
a: Renounce Religion, Upheaval, Elemental Force


You were on level 12 of the Dungeon.
You worshipped Qazlal.
Qazlal was greatly pleased with you.
You visited 2 branches of the dungeon, and saw 13 of its levels.
You also visited: Sewer and Bailey.

You collected 2775 gold pieces.
You spent 77 gold pieces at shops.

Inventory:

Hand Weapons
 D - a +3 trident of protection (weapon)
 M - a +5 trident
 P - a +0 eveningstar of protection
Missiles
 f - 3 throwing nets
Armour
 b - a +0 scale mail
 c - a +0 buckler (worn)
 L - a +2 pair of boots of flying (worn)
 N - a +1 hat of willpower (worn)
 Q - +0 acid dragon scales (worn)
Jewellery
 e - an amulet of magic regeneration
 g - a +4 ring of protection (left hand)
 h - a ring of flight (right hand)
 j - a ring of ice
 F - a ring of resist corrosion
Wands
 a - a wand of iceblast (21)
 i - a wand of paralysis (26)
 t - a wand of flame (38)
Scrolls
 k - 4 scrolls of teleportation
 m - 2 scrolls of vulnerability
 o - 3 scrolls of fog
 r - 6 scrolls of noise
 u - a scroll of silence
 v - 2 scrolls of fear {unknown}
 y - 2 scrolls of poison {unknown}
 B - a scroll of immolation
 C - a scroll of amnesia {unknown}
 G - a scroll of summoning {unknown}
 H - 2 scrolls of revelation
Potions
 d - 2 potions of might
 l - 3 potions of curing
 n - 3 potions of brilliance
 p - 7 potions of enlightenment
 q - 3 potions of lignification
 s - 2 potions of resistance {unknown}
 z - a potion of ambrosia {unknown}
 A - 2 potions of heal wounds {unknown}
 E - a potion of attraction {unknown}
 I - a potion of magic {unknown}
 J - a potion of mutation {unknown}
 K - a potion of degeneration {unknown}
 O - 3 potions of haste {unknown}


   Skills:
 + Level 12.9 Fighting
 + Level 12.6 Polearms
 + Level 12.9 Armour
 + Level 13.0 Shields


You had 11 spell levels left.
You didn't know any spells.
Your spell library contained the following spells:

 Spells                   Type           Power      Damage    Failure   Level
 Summon Small Mammal      Summ           0%         N/A       56%         1
 Ensorcelled Hibernation  Hex/Ice        0%         N/A       71%         2
 Jinxbite                 Hex            0%         N/A       71%         2
 Static Discharge         Conj/Air       0%         2-2/arc   71%         2
 Call Canine Familiar     Summ           0%         N/A       90%         3
 Ignite Poison            Fire/Tmut/Pois 0%         N/A       90%         3
 Mephitic Cloud           Conj/Pois/Air  0%         N/A       90%         3
 Summon Guardian Golem    Hex/Summ       0%         N/A       90%         3
 Tukima's Dance           Hex            0%         N/A       90%         3
 Airstrike                Air            0%         2d(0-16)  100%        4
 Anguish                  Hex/Necr       0%         N/A       100%        4
 Dimensional Bullseye     Hex/Tloc       0%         N/A       100%        4
 Iskenderun's Mystic Bla  Conj/Tloc      0%         2d3       100%        4
 Summon Lightning Spire   Summ/Air       0%         N/A       100%        4
 Freezing Cloud           Conj/Ice/Air   0%         6-21      100%        5


Dungeon Overview and Level Annotations

Branches:
Dungeon (12/15)            Temple (1/1) D:5            Lair (0/5) D:8
    Orc (0/2) D:10          Sewer (visited)          Bailey (visited)

Altars:
Ashenzari
Cheibriados
Dithmenos
Elyvilon
Fedhas
Gozag
Hepliaklqana
Kikubaaqudgha
Makhleb
Nemelex Xobeh
Okawaru
Qazlal
Ru
Sif Muna
Trog
Uskayaw
Vehumet
Wu Jian
Xom
Yredelemnul
Zin
The Shining One
Lugonu

Shops:
D:2 ?   D:9 :

Portals:
Abyss: D:9
Trove: D:10 (give 8 potions of haste)

Annotations:
D:3 1 runed translucent door, exclusion: statue, Crazy Yiuf
D:9 2 runed translucent doors


Innate Abilities, Weirdness & Mutations

You have a pair of horns on your head.
You reflexively headbutt those who attack you in melee.


Message History

Two slime creatures merge to form a large slime creature.
You barely miss the large slime creature.
Your headbutt misses the large slime creature.
The large slime creature is moderately wounded.
You puncture the large slime creature! You headbutt the large slime creature.
The large slime creature is heavily wounded.
You hit the large slime creature. You headbutt the large slime creature!
The large slime creature is heavily wounded.
You puncture the large slime creature!
The large slime creature is severely wounded.
Two slime creatures merge to form a very large slime creature.
You hit the very large slime creature.
The very large slime creature is heavily wounded.
You impale the very large slime creature!!
You headbutt the very large slime creature!
The very large slime creature is severely wounded.
Two slime creatures merge to form a large slime creature.
You hit the very large slime creature.
The very large slime creature is severely wounded.
The very large slime creature hits you!!!
You puncture the very large slime creature!
You headbutt the very large slime creature!
The very large slime creature is almost dead.
Two slime creatures merge to form a titanic slime creature.
You hit the titanic slime creature.
You headbutt the titanic slime creature, but do no damage.
The titanic slime creature is heavily wounded.
You puncture the titanic slime creature!
You headbutt the titanic slime creature!
The titanic slime creature is severely wounded.
You hit the titanic slime creature.
The titanic slime creature is severely wounded.
You puncture the titanic slime creature!
The titanic slime creature is severely wounded.
The titanic slime creature hits you!!!
* * * LOW HITPOINT WARNING * * *
You fade into invisibility!
The titanic slime creature hits you!!!!
Ouch! That really hurt!
You die...

.)..).).........# ##.#
#######.######### #..#
#.# #.## #.# #.# #.####
#.# #..).# #J# #..#)###
##.######
#...#...######..).)..#
#.#####....@J.†.###.....
#.. #..^.☼.####.# ###
#... #>.........)#
.....#...####.######
###. ##.# #.# #.. ..# #.
..# #. ..# ..


You could see a titanic slime creature (unable to see you).

Vanquished Creatures
  Gastronok (D:10)
  A vault guard (D:10)
  Fannar (D:10)
  A centaur warrior (D:11)
  5 two-headed ogres
  Urug (D:10)
  Pikel (D:4)
  2 cyclopes (D:12)
  A rime drake (D:8)
  A kobold demonologist (D:12)
  5 trolls
  A polar bear (D:8)
  3 hornets
  A slime creature (D:12)
  A shadow (D:11)
  2 wraiths
  2 vampires (D:11)
  2 wyverns (D:9)
  A basilisk (D:12)
  16 yaks
  Menkaure (D:4)
  4 vampire mosquitoes (D:12)
  An acid dragon (D:11)
  2 water moccasins
  9 orc warriors
  9 ice beasts
  A black bear (D:5)
  3 ogres
  4 wolves
  7 centaurs
  A kobold brigand (D:8)
  A phantom (D:7)
  A gnoll sergeant (D:12)
  A bullfrog (D:8)
  4 wights (D:9)
  8 killer bees
  4 howler monkeys
  2 jellies
  3 hounds
  8 orc priests
  2 gnoll boudas
  3 iguanas
  2 sleepcaps (D:7)
  Ijyb (D:3)
  Natasha (D:2)
  14 orc wizards
  A hell rat (Sewer)
  25 gnolls
  3 river rats (Sewer)
  15 adders
  A white imp (D:8)
  3 ufetubi
  A worm (D:4)
  2 dart slugs
  44 orcs
  7 ball pythons
  6 bats
  3 endoplasms
  7 giant cockroaches
  13 goblins
  12 hobgoblins
  3 jackals (D:1)
  2 quokkas
  3 frilled lizards (D:2)
  27 kobolds
  6 rats
330 creatures vanquished.

Vanquished Creatures (others)
  2 demonspawn (D:1)
  A draconian (D:1)
  An octopode (D:1)
  Psyche (D:10)
  2 merfolk (D:1)
  A troll (D:1)
  A formicid (D:1)
  A human (D:1)
  A dwarf (D:1)
  A tengu (D:1)
  A felid (D:1)
  An orc wizard (D:3)
  2 mummies (D:1)
  A kobold (D:1)
  7 tentacles (D:1)
24 creatures vanquished.

Grand Total: 354 creatures vanquished

Notes
Turn   | Place    | Note
-------+----------+-------------------------------------------
     0 | D:1      | BinkBink the Minotaur Fighter began the quest for the Orb.
     0 | D:1      | Reached XP level 1. HP: 19/19 MP: 0/0
     2 | D:1      | Noticed a formicid
     2 | D:1      | Noticed a draconian
     2 | D:1      | Noticed a merfolk
     2 | D:1      | Noticed a felid
     2 | D:1      | Noticed a demonspawn
     2 | D:1      | Noticed an octopode
     2 | D:1      | Noticed a demonspawn
     2 | D:1      | Noticed a kraken
     2 | D:1      | Noticed a tengu
     2 | D:1      | Noticed a dwarf
     2 | D:1      | Noticed a troll
     2 | D:1      | Noticed a merfolk
     2 | D:1      | Noticed a human
     5 | D:1      | Killed a merfolk
     8 | D:1      | Killed an octopode
     9 | D:1      | Killed a demonspawn
    10 | D:1      | Killed a tengu
    12 | D:1      | Killed a formicid
    13 | D:1      | Killed a felid
    13 | D:1      | Killed a demonspawn
    13 | D:1      | Killed a merfolk
    15 | D:1      | Killed a draconian
    17 | D:1      | Killed a human
    19 | D:1      | Killed a dwarf
    21 | D:1      | Killed a troll
    42 | D:1      | Found a faded altar of an unknown god.
   108 | D:1      | Reached XP level 2. HP: 27/27 MP: 1/1
   782 | D:2      | Reached skill level 4 in Shields
   783 | D:2      | Found a blossoming altar of Fedhas.
   961 | D:2      | Found Fiodaxim's Magic Scroll Shop.
   969 | D:2      | Bought a scroll of identify for 22 gold pieces
   969 | D:2      | Bought a scroll of identify for 22 gold pieces
   969 | D:2      | Bought a scroll of teleportation for 33 gold pieces
   988 | D:2      | Reached XP level 3. HP: 29/33 MP: 2/2
  1198 | D:2      | Noticed Natasha
  1204 | D:2      | Killed Natasha
  1361 | D:2      | Reached XP level 4. HP: 40/41 MP: 3/3
  1758 | D:3      | Reached XP level 5. HP: 47/47 MP: 4/4
  1891 | D:3      | Found a shimmering blue altar of Sif Muna.
  2087 | D:3      | Reached skill level 5 in Fighting
  2087 | D:3      | Reached skill level 5 in Armour
  2087 | D:3      | Reached skill level 5 in Shields
  2114 | D:3      | Found a glowing drain.
  2134 | Sewer    | Entered a sewer
  2319 | Sewer    | Reached XP level 6. HP: 46/56 MP: 5/5
  2617 | D:3      | Found a radiant altar of Vehumet.
  2647 | D:3      | Found a runed translucent door.
  2648 | D:3      | Noticed Crazy Yiuf
  2928 | D:3      | Noticed Ijyb
  2935 | D:3      | Killed Ijyb
  3852 | D:4      | Reached skill level 5 in Polearms
  3852 | D:4      | Reached XP level 7. HP: 56/62 MP: 6/6
  3972 | D:4      | Noticed Pikel
  4001 | D:4      | Killed Pikel
  4002 | D:4      | Reached skill level 6 in Shields
  4129 | D:4      | Reached XP level 8. HP: 68/71 MP: 7/7
  4202 | D:4      | Noticed Menkaure
  4225 | D:4      | Killed Menkaure
  4430 | D:5      | Entered Level 5 of the Dungeon
  4478 | D:5      | Reached skill level 7 in Shields
  4718 | D:5      | Found a staircase to the Ecumenical Temple.
  4740 | Temple   | Entered the Ecumenical Temple
  4931 | D:5      | Found a stormy altar of Qazlal.
  4939 | D:5      | Became a worshipper of Qazlal Stormbringer
  5986 | D:6      | Reached skill level 8 in Shields
  5986 | D:6      | Reached XP level 9. HP: 60/81 MP: 8/8
  6277 | D:7      | Reached * piety under Qazlal
  6561 | D:7      | Found a sparkling altar of Nemelex Xobeh.
  6937 | D:8      | Found a blossoming altar of Fedhas.
  7000 | D:8      | Found a flagged portal.
  7146 | D:8      | Reached skill level 9 in Shields
  7150 | D:8      | Noticed a rime drake
  7151 | D:8      | Found a staircase to the Lair.
  7153 | D:8      | Noticed a polar bear
  7301 | Bailey   | Entered a bailey
  7618 | Bailey   | Reached ** piety under Qazlal
  7636 | Bailey   | Paralysed by an orc warrior for 2 turns
  7729 | Bailey   | Reached XP level 10. HP: 86/91 MP: 9/9
  8089 | D:8      | Found a bloodstained altar of Trog.
  8651 | D:9      | Reached skill level 10 in Armour
  8651 | D:9      | Reached skill level 10 in Shields
  8663 | D:9      | Reached skill level 10 in Fighting
  8876 | D:9      | Found a one-way gate to the infinite horrors of the Abyss.
  8876 | D:9      | Identified the +1 dagger "Soqiej" {distort, +Blink rC+}
  8876 | D:9      | Noticed a brown ugly thing
  8922 | D:9      | Found Edduob's Self-Published Books.
  8995 | D:9      | Found a large runed translucent door.
  8995 | D:9      | Found a large runed translucent door.
  8995 | D:9      | Found a corrupted altar of Lugonu.
  8999 | D:9      | Noticed a red ugly thing
  9002 | D:9      | Paralysed by a hornet for 2 turns
  9154 | D:9      | Reached skill level 10 in Polearms
  9296 | D:9      | Noticed a two-headed ogre
  9310 | D:9      | Killed a two-headed ogre
  9485 | D:9      | Identified a scroll of acquirement
  9485 | D:9      | Acquired 987 gold pieces
  9559 | D:9      | Reached *** piety under Qazlal
  9856 | D:10     | Entered Level 10 of the Dungeon
  9857 | D:10     | Noticed Fannar
  9885 | D:10     | Killed Fannar
  9886 | D:10     | Reached skill level 11 in Shields
  9886 | D:10     | Reached XP level 11. HP: 45/101 MP: 10/10
 10091 | D:10     | Noticed Gastronok
 10110 | D:10     | Killed Gastronok
 10389 | D:10     | Noticed a two-headed ogre
 10400 | D:10     | Killed a two-headed ogre
 10525 | D:10     | Found a hide-covered altar of Uskayaw.
 10573 | D:10     | Found a shadowy altar of Dithmenos.
 10592 | D:10     | Noticed Urug
 10605 | D:10     | Killed Urug
 10673 | D:10     | Found a staircase to the Orcish Mines.
 10794 | D:10     | Noticed Psyche
 10821 | D:10     | Killed Psyche
 10950 | D:10     | Noticed a vault guard
 10955 | D:10     | Killed a vault guard
 10956 | D:10     | Reached skill level 12 in Shields
 10960 | D:10     | Found a portal to a secret trove of treasure.
 11340 | D:11     | Found a bloodstained altar of Trog.
 11489 | D:11     | Got a lithographed book
 11596 | D:11     | Reached **** piety under Qazlal
 11606 | D:11     | Noticed a centaur warrior
 11616 | D:11     | Killed a centaur warrior
 11625 | D:11     | Reached XP level 12. HP: 57/112 MP: 11/11
 11929 | D:11     | Noticed a two-headed ogre
 11937 | D:11     | Killed a two-headed ogre
 12217 | D:12     | Noticed a two-headed ogre
 12222 | D:12     | Killed a two-headed ogre
 12408 | D:12     | Noticed a two-headed ogre
 12416 | D:12     | Killed a two-headed ogre
 12700 | D:12     | Reached skill level 13 in Shields
 12724 | D:12     | Annihilated by a titanic slime creature

Illustrated notes

Levels and vault maps discovered:
D:1:      nicolae_arrival_kraken_aquarium_b, layout_basic,
          hellmonk_ecumenical_altar_dog_temple, hangedman_feature_mirror,
          nicolae_figureground_pulse
D:2:      layout_loops_corners, basic_altar, serial_shops, nicolae_shop_stone,
          minmay_misc_feat_five, hangedman_decor_push, uniq_natasha
D:3:      layout_loops_corners, kennysheep_orc_sif_temple, vehumet_statue,
          gup_sewer_entry_glass, uniq_crazy_yiuf_cottage, uniq_ijyb
D:4:      layout_basic, uniq_menkaure, uniq_pikel
D:5:      layout_cave_pools, nicolae_qazlal_eye_of_the_storm,
          minmay_temple_entry_nine_rooms
D:6:      layout_loops_corners
D:7:      layout_gridville, nemelex_diamond_rough_becter, feat_on_display
D:8:      layout_loops_ring, mainiacjoe_overflow_24_doors,
          mainiacjoe_overflow_alcove_1, hellmonk_lair_entry_icy, enter_bailey_8
D:9:      due_chaos_kobolds, layout_gridville, nicolae_custom_books
D:10:     layout_basic, mainiacjoe_overflow_small_starburst,
          grunt_dithmenos_smoke, erik_orc_3, enter_trove_5, uniq_gastronok,
          uniq_urug, uniq_fannar, uniq_psyche
D:11:     layout_cave_pools, chequers_arboretum, st_stairs_13,
          trog_three_pillars_becter
D:12:     layout_loops_ring
Temple:   eino_temple_water

Skill      XL: |  1  2  3  4  5  6  7  8  9 10 11 12 |
---------------+-------------------------------------+-----
Armour         | 4 5 6 8 9 11 12 | 12.9
Fighting       | 4 5 6 7 9 10 12 | 12.9
Shields        | 4 5 6 8 9 11 12 13 | 13.0
Polearms       | 3 4 5 6 7 9 10 12 | 12.6

Action                     |  1- 3 |  4- 6 |  7- 9 | 10-12 || total
---------------------------+-------+-------+-------+-------++-------
  Melee: Trident           |    67 |   235 |   369 |   645 ||  1316
         Headbutt          |     4 |    26 |    60 |   105 ||   195
    Use: Scroll            |       |     3 |     6 |    12 ||    21
         Potion            |       |       |       |     2 ||     2
   Stab: Invisible         |       |       |       |     2 ||     2
 Armour: Scale mail        |    22 |   157 |   189 |   204 ||   572
         Acid dragon scale |       |       |       |    70 ||    70
         Skin              |       |       |       |     1 ||     1
  Dodge: Dodged            |    23 |    72 |   121 |   145 ||   361
  Block: Buckler           |    10 |    36 |    99 |   241 ||   386

Table legend: (Time is in decaauts)
 A = Elapsed time spent in this place.
 B = Non-inter-level travel time spent in this place.
 C = Inter-level travel time spent in this place.
 D = Time resting spent in this place.
 E = Time spent auto-exploring this place.
 F = Levels seen in this place.
 G = Mean time per level.
                   A        B        C        D        E       F      G
               +--------+--------+--------+--------+--------+-----+--------+
         Total |  12632 |  12315 |    317 |    948 |   8916 |  15 |  842.1 |
       Dungeon |  11792 |  11523 |    269 |    698 |   8733 |  12 |  982.7 |
        Temple |     49 |      1 |     48 |      0 |      0 |   1 |   49.0 |
         Sewer |    278 |    278 |      0 |     64 |    126 |   1 |  278.0 |
        Bailey |    511 |    511 |      0 |    185 |     57 |   1 |  511.0 |
               +--------+--------+--------+--------+--------+-----+--------+

Top non-repeatable levels by time:
     D:9: 1381 daAuts
     D:4: 1360 daAuts
     D:3: 1256 daAuts
    D:10: 1158 daAuts
    D:11: 1024 daAuts
     D:8: 979 daAuts
     D:6: 961 daAuts
     D:2: 938 daAuts
     D:7: 810 daAuts
     D:1: 786 daAuts
     D:5: 628 daAuts
  Bailey: 511 daAuts
    D:12: 508 daAuts
   Sewer: 278 daAuts
  Temple: 49 daAuts
